 Dungeon Crawl Stone Soup version 0.32-a0-558-g233958a4c4 (webtiles) character file.

Game seed: 14220831225368085499

418 mopl the Slasher (level 7, 0/50 HPs)
             Began as a Formicid Warper on Feb 29, 2024.
             Slain by an iguana (4 damage)
             ... on level 5 of the Dungeon.
             The game lasted 00:03:22 (2286 turns).

mopl the Slasher (Formicid Warper)                  Turns: 2286, Time: 00:03:23

Health: 0/50       AC:  5    Str: 16    XL:     7   Next: 16%
Magic:  13/13      EV: 11    Int: 14    God:
Gold:   117        SH:  0    Dex: 13    Spells: 5/14 levels left

rFire   . . .        g - +2 whip (elec)
rCold   . . .        (no shield)
rNeg    . . .        d - +0 ring mail
rPois   .            (helmet unavailable)
rElec   .            (no cloak)
rCorr   .            (no gloves)
SInv    +            (no boots)
Will    .....        (no amulet)
Stlth   +            (no ring)
HPRegen 0.28/turn    (no ring)
MPRegen 0.13/turn

%: no passive effects
@: no status effects
A: permanent stasis, dig shafts and tunnels, antennae 3, four strong arms
a: Dig, Shaft Self


You were on level 5 of the Dungeon.
You visited 1 branch of the dungeon, and saw 4 of its levels.

You collected 117 gold pieces.

Inventory:

Hand Weapons
 a - a +0 long sword
 e - a +0 dagger of protection
 g - a +2 whip of electrocution (weapon)
Missiles
 c - 13 darts of dispersal
 i - 4 curare-tipped darts
 o - 5 boomerangs
 r - 9 poisoned darts (quivered)
Armour
 d - a +0 ring mail (worn)
Jewellery
 t - an amulet of the acrobat
Scrolls
 b - a scroll of revelation {unknown}
 h - 6 scrolls of identify {unknown}
 k - a scroll of immolation {unknown}
 l - a scroll of silence {unknown}
 m - a scroll of butterflies {unknown}
 n - a scroll of poison {unknown}
 p - a scroll of brand weapon {unknown}
 q - 2 scrolls of teleportation {unknown}
Potions
 f - 2 potions of curing {unknown}
 j - a potion of might {unknown}
 s - a potion of mutation {unknown}


   Skills:
 - Level 2.1 Fighting
 * Level 5.3 Long Blades
 - Level 1.0 Throwing
 - Level 1.1 Armour
 - Level 1.7 Dodging
 - Level 4.0 Spellcasting
 + Level 4.1 Translocations


You had 5 spell levels left.
You knew the following spells:

 Your Spells              Type           Power      Damage    Failure   Level
a - Manifold Assault      Tloc           14%        N/A       56%         4
b - Lesser Beckoning      Tloc           28%        N/A       11%         2
t - Teleport Other        Tloc           14%        N/A       21%         3

Your spell library contained the following spells:

 Spells                   Type           Power      Damage    Failure   Level
 Blink                    Tloc           Unusable   N/A       N/A         2
 Vhi's Electric Charge    Tloc/Air       Unusable   N/A       N/A         4

Dungeon Overview and Level Annotations

Branches:
Dungeon (3/15)

Altars:
Kikubaaqudgha

Annotations:
D:3 Ijyb, Jessica


Innate Abilities, Weirdness & Mutations

You cannot be hasted, slowed, berserked, paralysed or teleported.
You can dig through walls and to a lower floor.
You have a pair of large antennae on your head. (SInv)
Your four strong arms can wield two-handed weapons with a shield.


Message History

You hit the orc but do no damage.
The orc is lightly wounded.
The orc barely misses you.
You hit the orc. Lightning courses through the orc!
You kill the orc!
You barely miss the orc. The orc barely misses you.
You completely miss the orc. The orc closely misses you.
The orc barely misses you.
You whack the orc!
You kill the orc!
You hit the iguana but do no damage.
The iguana is lightly wounded.
The iguana bites you!
* * * LOW HITPOINT WARNING * * *
You hit the iguana.
The iguana is moderately wounded.
The iguana closely misses you. The iguana bites you!
* * * LOW HITPOINT WARNING * * *
You hit the iguana but do no damage.
The iguana is moderately wounded.
The iguana closely misses you.
You hit the iguana but do no damage.
The iguana is moderately wounded.
The iguana misses you.
You hit the iguana but do no damage.
The iguana is moderately wounded.
The iguana closely misses you.
You barely miss the iguana.
The iguana is moderately wounded.
The iguana bites you but does no damage.
You hit the iguana.
The iguana is severely wounded.
The iguana bites you but does no damage.
You hit the iguana but do no damage.
The iguana is severely wounded.
The iguana barely misses you.
You completely miss the iguana.
The iguana is severely wounded.
The iguana bites you.
You die...

#..## .. #..##
#.##...##
#......####
#......##.## .##
#....###.#..#
...#..###. ##...##
.....# #.####...#
.....# #@###..##
....# ##l#....# .
#..##....#..# ...
#....##....#
..>..##..####.#.....
.........# .#####.#
.........# #. .☼
...##......#. . ..
....#.....


You could see an iguana.

Vanquished Creatures
  Grinder (D:3)
  A black bear (D:5)
  An orc wizard (D:5)
  A gnoll (D:1)
  5 adders
  2 dart slugs
  4 orcs (D:5)
  5 endoplasms
  A giant cockroach (D:3)
  7 goblins
  3 hobgoblins
  A jackal (D:3)
  3 quokkas
  2 ball pythons (D:1)
  6 bats
  2 frilled lizards (D:3)
  7 kobolds
  3 rats
55 creatures vanquished.

Notes
Turn   | Place    | Note
-------+----------+-------------------------------------------
     0 | D:1      | mopl the Formicid Warper began the quest for the Orb.
     0 | D:1      | Reached XP level 1. HP: 16/16 MP: 3/3
    74 | D:1      | Reached XP level 2. HP: 22/22 MP: 5/5
    83 | D:1      | Learned a level 2 spell: Lesser Beckoning
   394 | D:1      | Reached skill level 3 in Translocations
   394 | D:1      | Reached XP level 3. HP: 22/27 MP: 6/6
   538 | D:1      | Learned a level 3 spell: Teleport Other
   665 | D:2      | Found an ancient bone altar of Kikubaaqudgha.
   730 | D:2      | Reached skill level 3 in Long Blades
   858 | D:2      | Reached XP level 4. HP: 33/33 MP: 8/8
  1373 | D:3      | Reached skill level 3 in Spellcasting
  1537 | D:3      | Noticed Grinder
  1544 | D:3      | Killed Grinder
  1545 | D:3      | Reached skill level 4 in Long Blades
  1545 | D:3      | Reached XP level 5. HP: 37/38 MP: 8/10
  1545 | D:3      | Reached XP level 6. HP: 43/44 MP: 8/11
  1550 | D:3      | Learned a level 4 spell: Manifold Assault
  1907 | D:3      | Noticed Jessica
  1908 | D:3      | Noticed Ijyb
  1933 | D:3      | You fall into a shaft and drop 2 floors!
  1933 | D:5      | Entered Level 5 of the Dungeon
  2125 | D:5      | Noticed a black bear
  2143 | D:5      | Killed a black bear
  2144 | D:5      | Reached skill level 5 in Long Blades
  2144 | D:5      | Reached skill level 4 in Spellcasting
  2144 | D:5      | Reached skill level 4 in Translocations
  2144 | D:5      | Reached XP level 7. HP: 27/50 MP: 11/13
  2279 | D:5      | HP: 2/50 [iguana (12)]
  2286 | D:5      | Slain by an iguana

Illustrated notes

Levels and vault maps discovered:
D:1:      dpeg_arrival_simpleton_a, layout_basic, amethyst_killhole,
          nicolae_the_louvre
D:2:      layout_basic, basic_altar
D:3:      minmay_skewed_foursquare, layout_basic,
          beargit_hepliaklqana_dungeon_heroes, reono_crystal_passage, uniq_ijyb,
          uniq_grinder
D:5:      layout_layer_cave, ashenzari_conservatory_becter, grunt_qazlal_clouds

Skill      XL: |  1  2  3  4  5  6 |
---------------+-------------------+-----
Translocations | 3 4 |  4.1
Long Blades    | 3 4 5 |  5.3
Spellcasting   | 3 4 |  4.0
Fighting       | |  2.1
Throwing       | |  1.0
Armour         | |  1.1
Dodging        | |  1.7

Action                     |  1- 3 |  4- 6 |  7- 9 || total
---------------------------+-------+-------+-------++-------
  Melee: Falchion          |    82 |       |       ||    82
         Whip              |    24 |    76 |    23 ||   123
  Throw: Dart              |       |     2 |       ||     2
Ability: Dig               |       |     1 |       ||     1
         Shaft Self        |       |     1 |       ||     1
 Armour: Ring mail         |    67 |    50 |    14 ||   131
         Leather armour    |     2 |       |       ||     2
  Dodge: Dodged            |    66 |    49 |    19 ||   134

Table legend: (Time is in decaauts)
 A = Elapsed time spent in this place.
 B = Non-inter-level travel time spent in this place.
 C = Inter-level travel time spent in this place.
 D = Time resting spent in this place.
 E = Time spent auto-exploring this place.
 F = Levels seen in this place.
 G = Mean time per level.
                   A        B        C        D        E       F      G
               +--------+--------+--------+--------+--------+-----+--------+
         Total |   2311 |   2271 |     40 |    261 |   1445 |   4 |  577.8 |
       Dungeon |   2311 |   2271 |     40 |    261 |   1445 |   4 |  577.8 |
               +--------+--------+--------+--------+--------+-----+--------+

Top non-repeatable levels by time:
     D:2: 750 daAuts
     D:1: 609 daAuts
     D:3: 595 daAuts
     D:5: 355 daAuts
